 Dungeon Crawl Stone Soup version 0.27.1-33-g824d729ab1 (webtiles) character file.

Game seed: 7988476364563512280

2 ces the Poker (level 1, 0/13 HPs)
             Began as a Gnoll Wanderer on Dec 8, 2021.
             Succumbed to a gnoll's poison
             ... on level 1 of the Dungeon.
             The game lasted 00:00:14 (71 turns).

ces the Poker (Gnoll Wanderer)                        Turns: 71, Time: 00:00:14

Health: 0/13       AC:  2    Str:  9    XL:     1   Next: 40%
Magic:  6/6        EV: 11    Int: 11    God:
Gold:   5          SH:  0    Dex: 13    Spells: 8/9 levels left

rFire    . . .     SeeInvis .   a - +0 spear
rCold    . . .     Faith    .   (no shield)
rNeg     . . .     Spirit   .   c - +0 robe
rPois    .         Reflect  .   (no helmet)
rElec    .         Harm     .   (no cloak)
rCorr    .         Rampage  .   (no gloves)
Will     .....                  (no boots)
Stlth    +.........             (no amulet)
HPRegen  0.04/turn              (no ring)
MPRegen  0.10/turn              (no ring)

@: lethally poisoned (0 -> -9)
A: fangs 1, strong nose, distributed training
a: no special abilities


You were on level 1 of the Dungeon.
You visited 1 branch of the dungeon, and saw 1 of its levels.

You collected 5 gold pieces.

Inventory:

Hand Weapons
 a - a +0 spear (weapon)
Armour
 c - a +0 robe (worn)
Potions
 b - a potion of lignification


   Skills:
 + Level 0.0 Fighting
 + Level 0.0 Short Blades
 + Level 0.0 Long Blades
 + Level 0.0 Axes
 + Level 0.0 Maces & Flails
 + Level 6.4 Polearms
 + Level 0.0 Staves
 + Level 0.0 Slings
 + Level 0.0 Bows
 + Level 0.0 Crossbows
 + Level 0.0 Throwing
 + Level 0.0 Armour
 + Level 0.0 Dodging
 + Level 0.0 Stealth
 + Level 2.3 Shields
 + Level 0.0 Unarmed Combat
 + Level 4.8 Spellcasting
 + Level 0.0 Conjurations
 + Level 0.0 Hexes
 + Level 0.0 Summonings
 + Level 0.0 Necromancy
 + Level 0.0 Translocations
 + Level 0.0 Transmutations
 + Level 0.0 Fire Magic
 + Level 0.0 Ice Magic
 + Level 0.0 Air Magic
 + Level 1.9 Earth Magic
 + Level 3.6 Poison Magic
 + Level 0.1 Invocations
 + Level 2.3 Evocations


You had 8 spell levels left.
You knew the following spells:

 Your Spells              Type           Power      Damage    Failure   Level
a - Magic Dart            Conj           8%         1d3       22%         1

Your spell library contained the following spells:

 Spells                   Type           Power      Damage    Failure   Level
 Blink                    Tloc           N/A        N/A       32%         2
 Call Imp                 Summ           2%         N/A       32%         2
 Slow                     Hex            2%         N/A       32%         2
 Mephitic Cloud           Conj/Pois/Air  5%         N/A       36%         3
 Conjure Flame            Conj/Fire      2%         6-21      54%         3


Dungeon Overview and Level Annotations

Branches:
Dungeon (1/15)

Altars:


Innate Abilities, Weirdness & Mutations

You have very sharp teeth.
Your uncanny sense of smell can sniff out nearby items.
Your experience applies equally to all skills.


Message History

A ball python is nearby!
A ball python is nearby!
Found a faded altar of an unknown god.
You closely miss the ball python. The ball python barely misses you.
The ball python misses you.
You barely miss the ball python.
The ball python bites you but does no damage.
The ball python grabs you. The ball python constricts you.
You hit the ball python.
You kill the ball python!
No target in view!
No target in view!
HP restored.
Found 5 gold pieces.
You see here a ball python corpse.
You now have 5 gold pieces.
Found 17 stones.
Found a ring mail.
A hobgoblin and a gnoll come into view.
The gnoll is wielding a +2 flail of venom.
Found a scroll labelled GIACKYERHA.
Found 22 stones.
There are monsters nearby!
There are monsters nearby!
You reach to attack!
The helpless gnoll fails to defend itself.
You hit the gnoll.
The gnoll is lightly wounded.
You hit the gnoll but do no damage.
The gnoll is lightly wounded.
The hobgoblin misses you.
The gnoll hits you with a +2 flail of venom.
You are lethally poisoned!
You hit the gnoll. You bite the gnoll, but do no damage.
The gnoll is moderately wounded.
You feel very sick.
You are too injured to fight recklessly!
* * * LOW HITPOINT WARNING * * *
You feel very sick.
You die...

..≈≈≈≈)..≈≈≈≈.....#..####...#
....≈≈≈≈≈≈≈.....#.#....##.(.#
...≈..≈≈≈..≈...##.#......†..#
..≈....≈....≈..8#(#..#..#...#
....#..≈..#.....#.....⌠.⌠..##
..####...####....##.#......#
## ##.#######..##.#..._..#
.....[..###.##.....#
#######@###.##⌠.⌠..#
#.?..g...##.########
#.....g#.##.# #......#....#
#......##.#.# #....... .. #
..........#.. ...........#..#
.....(.....+


You could see a gnoll and a hobgoblin.

Vanquished Creatures
  A ball python (D:1)
  A bat (D:1)
2 creatures vanquished.

Notes
Turn   | Place    | Note
-------+----------+-------------------------------------------
     0 | D:1      | ces the Gnoll Wanderer began the quest for the Orb.
     0 | D:1      | ces set off with the following items: a +0 spear, a potion
                  | of lignification, a +0 robe; and the following spell
                  | memorised: Magic Dart; and the following spells available
                  | to memorise: Blink, Call Imp, Slow, Mephitic Cloud, Conjure
                  | Flame
     0 | D:1      | Reached XP level 1. HP: 13/13 MP: 6/6
    30 | D:1      | Found a faded altar of an unknown god.
    71 | D:1      | Succumbed to a gnoll's poison

Illustrated notes

Levels and vault maps discovered:
D:1:      eino_arrival_water_star, layout_basic,
          hellmonk_ecumenical_altar_run_dry

Action                   || total
-------------------------++-------
Melee: Spear             ||     8
       Bite              ||     1
 Stab: Sleeping          ||     2
Armor: Robe              ||     1
Dodge: Dodged            ||     4
